 Dungeon Crawl Stone Soup version 0.31-a0-1591-g515db51633 (webtiles) character file.

Game seed: 646807475528829023

27 Xavori the Trooper (level 3, 0/30 HPs)
             Began as a Djinni Chaos Knight on Jan 6, 2024.
             Was a Plaything of Xom.
             Slain by a sky beast (6 damage)
             ... on level 1 of the Dungeon.
             The game lasted 00:00:32 (700 turns).

Xavori the Trooper (Djinni Chaos Knight)             Turns: 700, Time: 00:00:34

Health: 0/30       AC:  5    Str: 11    XL:     3   Next: 25%
Gold:   62         EV: 12    Int: 13    God:    Xom [......] SH:  0 Dex: 14

rFire   + + .        a - +0 falchion (chaos)
rCold   x . .        (no shield)
rNeg    . . .        b - +2 leather armour
rPois   ∞            (no helmet)
rElec   .            (no cloak)
rCorr   .            (no gloves)
SInv    .            (boots unavailable)
Will    +....        (no amulet)
Stlth   +            (no ring)
HPRegen 0.25/turn    (no ring)
MPRegen 0.00/turn

%: infuse magic (-1 HP)
@: attractive, enlightened, flying
A: sickness immunity, fire resistance 2, cold vulnerability 1, float, innate
caster, HP casting, extra vitality 1
a: Renounce Religion


You were on level 1 of the Dungeon.
You worshipped Xom.
You were a very special plaything of Xom.
You visited 1 branch of the dungeon, and saw 1 of its levels.

You collected 62 gold pieces.

Inventory:

Hand Weapons
 a - a +0 falchion of chaos (weapon)
Armour
 b - a +2 leather armour (worn)
Jewellery
 g - a ring of protection from cold
Scrolls
 c - a scroll of butterflies
 e - a scroll of immolation {unknown}


   Skills:
 + Level 3.2 Fighting
 + Level 2.9 Long Blades
 + Level 1.4 Armour
 + Level 2.5 Dodging
 * Level 1.0 Spellcasting
 * Level 1.0 Conjurations
 * Level 1.0 Hexes
   Level 0.0 Charms
 * Level 1.0 Summonings
 * Level 1.0 Necromancy
 * Level 1.0 Translocations
   Level 0.0 Transmutations
 * Level 1.0 Fire Magic
 * Level 1.0 Ice Magic
 * Level 1.0 Air Magic
 * Level 1.0 Earth Magic
 * Level 1.0 Alchemy


You knew the following spells:

 Your Spells              Type           Power      Damage    Failure   Level
a - Summon Small Mammal   Summ           12%        N/A       24%         1
Your spell library was empty.

Dungeon Overview and Level Annotations

Branches:
Dungeon (1/15)

Altars:


Innate Abilities, Weirdness & Mutations

You are immune to sickness and miasma.
You are immune to poison.
Your flesh is very heat resistant. (rF++)
You are vulnerable to cold. (rC-)
You float through the air rather than walking.
You learn spells naturally, not from books.
Your magical power is your life essence.
You have superior vitality. (+4 MHP)


Message History

The bat hits you. The bat barely misses you.
A bat is nearby!
You barely miss the bat. The bat hits you but does no damage. x2
A bat is nearby!
You hit the bat but do no damage.
The bat evaporates and reforms as a sky beast!
The sky beast flickers out of sight!
Deactivating autopickup; reactivate with Ctrl-A.
Something barely misses you.
There is a strange disturbance nearby!
No target in view!
No target in view!
There is a strange disturbance nearby!
No target in view!
No target in view!
You barely miss something. Something hits you but does no damage.
You hit something.
Nothing appears to happen.
Something hits you. Something shocks you.
You hit something but do no damage.
A sky beast appears from thin air!
Reactivating autopickup.
The sky beast hits you but does no damage.
You barely miss the sky beast.
The sky beast is lightly wounded.
The sky beast hits you. The sky beast shocks you.
You hit the sky beast. You freeze the sky beast.
The sky beast is lightly wounded.
The sky beast hits you. The sky beast shocks you.
* * * LOW HITPOINT WARNING * * *
You aren't carrying any items that you can evoke.
It was a potion of enlightenment.
You feel more buoyant.
The sky beast hits you but does no damage.
It was a potion of attraction.
You feel attractive to monsters.
Xom thinks this is hilarious!
The sky beast hits you.
* * * LOW HITPOINT WARNING * * *
The sky beast shocks you.
You die...
Xom titters!

#### ##
#..# ..
#..####
###.
#.....##
#.. #
#.###..#
##Y# #.
###.# ##.#
#.@# #.#
....# #.#
#.## ..
##### #.#
#.# # ###
#.#### #.#
..#
#....###.#
#.##
####...#.#
#..#
###.#.#
.#.# #.#.#
# ...#
#...#####..
#


You could see a sky beast.

Vanquished Creatures
  A dart slug (D:1)
  5 endoplasms (D:1)
  3 goblins (D:1)
  4 hobgoblins (D:1)
  2 ball pythons (D:1)
  A bat (D:1)
  5 frilled lizards (D:1)
  A kobold (D:1)
  2 rats (D:1)
24 creatures vanquished.

Notes
Turn   | Place    | Note
-------+----------+-------------------------------------------
     0 | D:1      | Xavori the Djinni Chaos Knight began the quest for the Orb.
     0 | D:1      | Reached XP level 1. HP: 20/20 MP: 0/0
    66 | D:1      | XOM: silly message
    79 | D:1      | Reached XP level 2. HP: 24/25 MP: 0/0
   163 | D:1      | XOM: summons 3 hostile shadow creatures
   496 | D:1      | XOM: swap monsters
   526 | D:1      | Reached XP level 3. HP: 30/30 MP: 0/0
   526 | D:1      | Learned a level 1 spell: Summon Small Mammal
   574 | D:1      | Reached skill level 1 in Spellcasting
   574 | D:1      | Reached skill level 1 in Conjurations
   574 | D:1      | Reached skill level 1 in Hexes
   574 | D:1      | Reached skill level 1 in Summonings
   574 | D:1      | Reached skill level 1 in Necromancy
   574 | D:1      | Reached skill level 1 in Translocations
   574 | D:1      | Reached skill level 1 in Fire Magic
   574 | D:1      | Reached skill level 1 in Ice Magic
   574 | D:1      | Reached skill level 1 in Air Magic
   574 | D:1      | Reached skill level 1 in Earth Magic
   574 | D:1      | Reached skill level 1 in Alchemy
   693 | D:1      | a bat changed into a sky beast
   693 | D:1      | Noticed a sky beast
   700 | D:1      | Slain by a sky beast

Illustrated notes

Levels and vault maps discovered:
D:1:      minmay_arrival_diagonal_passages, layout_rooms, nicolae_the_louvre

Skill      XL: |  1  2  3 |
---------------+----------+-----
Spellcasting   | 1 |  1.0
Conjurations   | 1 |  1.0
Hexes          | 1 |  1.0
Summonings     | 1 |  1.0
Necromancy     | 1 |  1.0
Translocations | 1 |  1.0
Fire Magic     | 1 |  1.0
Ice Magic      | 1 |  1.0
Air Magic      | 1 |  1.0
Earth Magic    | 1 |  1.0
Alchemy        | 1 |  1.0
Fighting       | |  3.2
Long Blades    | |  2.9
Armour         | |  1.4
Dodging        | |  2.5

Action                     || total
---------------------------++-------
  Melee: Falchion          ||    64
         Punch             ||     1
    Use: Potion            ||     2
   Stab: Petrified         ||     4
 Armour: Leather armour    ||    36
  Dodge: Dodged            ||    41

Table legend: (Time is in decaauts)
 A = Elapsed time spent in this place.
 B = Non-inter-level travel time spent in this place.
 C = Inter-level travel time spent in this place.
 D = Time resting spent in this place.
 E = Time spent auto-exploring this place.
 F = Levels seen in this place.
 G = Mean time per level.
                   A        B        C        D        E       F      G
               +--------+--------+--------+--------+--------+-----+--------+
         Total |    710 |    710 |      0 |    240 |    326 |   1 |  710.0 |
       Dungeon |    710 |    710 |      0 |    240 |    326 |   1 |  710.0 |
               +--------+--------+--------+--------+--------+-----+--------+

Top non-repeatable levels by time:
     D:1: 710 daAuts
